 Dungeon Crawl Stone Soup version 0.32-a0-859-gb0a091d592 (webtiles) character file.

Game seed: 6936253724323294657

8204 Pooter the Cleaver (level 11, -2/97 HPs)
             Began as a Minotaur Monk on Mar 27, 2024.
             Was a Believer of Beogh.
             Slain by a centaur warrior
             ... wielding a +1 hand axe of flaming
              (4 damage)
             ... on level 8 of the Dungeon on Mar 28, 2024.
             The game lasted 00:59:19 (10589 turns).

Pooter the Cleaver (Minotaur Monk)                 Turns: 10589, Time: 00:59:19

Health: -2/97      AC: 13    Str: 20    XL:     11   Next: 6%
Magic:  1/4        EV:  5    Int:  7    God:    Beogh [**....]
Gold:   306        SH:  0    Dex: 13    Spells: 10/10 levels left

rFire   . . .        i - +8 Wrath of Trog {antimagic, *Rage Rampage}
rCold   . . .        (shield currently unavailable)
rNeg    . . .        M - +1 plate armour
rPois   .            q - +1 hat
rElec   .            (no cloak)
rCorr   .            (no gloves)
SInv    +            u - +0 pair of boots
Will    +....        G - amulet of the acrobat Stlth
                     S - ring of see invisible
HPRegen 0.36/turn    o - ring of willpower
MPRegen 0.09/turn

%: random rage (50%), acrobat, rampage
@: on berserk cooldown, slowed, very slow
A: horns 2, retaliatory headbutt
a: Renounce Religion, Smiting


You were on level 8 of the Dungeon.
You worshipped Beogh.
Beogh was pleased with you.
You visited 2 branches of the dungeon, and saw 9 of its levels.
You also visited: Ossuary.

You collected 498 gold pieces.
You spent 192 gold pieces at shops.

Inventory:

Hand Weapons
 a - a +4 war axe of venom
   (You took it off an orc on level 3 of the Dungeon)
 b - a +1 arbalest
   (You took it off an orc warrior on level 7 of the Dungeon)
 i - the +8 Wrath of Trog (weapon) {antimagic, *Rage Rampage}
   (You found it on level 6 of the Dungeon)

   It causes slowness and exhaustion when equipped.
   It extends the wielder's berserk rage when killing foes.
   *Rage:     It berserks you when you make melee attacks (+50% chance).
   Rampage:   It bestows one free step when moving towards enemies.
 r - a +2 whip of flaming
   (You took it off a gnoll on level 3 of the Dungeon)
Missiles
 c - 12 curare-tipped darts
 f - 13 poisoned darts
 s - 7 boomerangs (quivered)
 x - 3 javelins
 Q - 116 stones
Armour
 q - a +1 hat (worn)
   (You found it on level 7 of the Dungeon)
 u - a +0 pair of boots (worn)
   (You found it on level 3 of the Dungeon)
 v - a +2 ring mail of poison resistance
   (You found it on level 3 of the Dungeon)
 M - a +1 plate armour (worn)
   (You took it off an orc warrior on level 7 of the Dungeon)
Jewellery
 o - a ring of willpower (right hand)
   (You found it on level 2 of the Dungeon)
 C - a ring of resist corrosion
   (You found it on level 1 of the Dungeon)
 E - a ring of flight
   (You bought it in a shop on level 4 of the Dungeon)
 G - an amulet of the acrobat (around neck)
   (You found it on level 6 of the Dungeon)
 S - a ring of see invisible (left hand)
   (You found it on level 6 of the Dungeon)
Wands
 d - a wand of polymorph (7)
   (You found it on level 8 of the Dungeon)
Scrolls
 g - 3 scrolls of vulnerability {!r}
 l - a scroll of revelation
 n - a scroll of noise {!r}
 t - 6 scrolls of teleportation {@r4}
 w - a scroll of amnesia
 y - 2 scrolls of blinking
 B - a scroll of butterflies
 H - a scroll of poison {!r}
Potions
 j - a potion of resistance {unknown}
 k - a potion of attraction {unknown}
 m - a potion of enlightenment {unknown}
 p - a potion of might {unknown}
 z - 3 potions of curing {@q1}
 A - 2 potions of mutation {unknown}
 D - 3 potions of heal wounds {unknown}
 F - a potion of brilliance {unknown}
 K - a potion of cancellation {unknown}
 L - a potion of experience {unknown}


   Skills:
 + Level 9.4 Fighting
 * Level 12.6 Axes
 * Level 10.3 Ranged Weapons
 - Level 5.6 Throwing
 - Level 3.2 Dodging
 + Level 3.6 Invocations
 + Level 1.1 Evocations


You had 10 spell levels left.
You didn't know any spells.
Your spell library contained the following spells:

 Spells                   Type           Power      Damage    Failure   Level
 Teleport Other           Tloc           0%         N/A       100%        3
 Volatile Blastmotes      Fire/Tloc      0%         2d10      100%        3
 Fulminant Prism          Conj/Alch      0%         3d5       100%        4
 Iskenderun's Mystic Bla Conj/Tloc 0%             2d3        (+2d1     100%        4
 Summon Blazeheart Golem  Fire/Summ      0%         N/A       100%        4
 Iskenderun's Battlesphe  Conj           0%         2d6       100%        5
 Bombard                  Conj/Erth      0%         9d1       100%        6
 Dispersal                Tloc           0%         N/A       100%        6
 Gell's Gavotte           Tloc           0%         2d(11-16) 100%        6
 Malign Gateway           Summ/Tloc      0%         N/A       100%        7
 Spellforged Servitor     Conj/Summ      0%         N/A       100%        7
 Dragon's Call            Summ           0%         N/A       100%        9


Dungeon Overview and Level Annotations

Branches:
Dungeon (8/15) Zot: 24621  Temple (1/1) D:6 Zot: 5864 Ossuary (visited)
   Lair: D:8-11

Altars:
Ashenzari
Cheibriados
Dithmenos
Elyvilon
Fedhas
Gozag
Hepliaklqana
Makhleb
Nemelex Xobeh
Okawaru
Ru
Uskayaw
Vehumet
Wu Jian
Xom
Yredelemnul
Zin
The Shining One

Shops:
D:4 =   D:6 :   D:8 :


Innate Abilities, Weirdness & Mutations

Your facial features are unmistakably orcish.
You have a pair of horns on your head.
You reflexively headbutt those who attack you in melee.


Message History

Press: ? - help, Dir - move target, f - manticore Smite: a manticore You smite the manticore!
* * * LOW MAGIC WARNING * * *
Aiming: Smiting
Press: ? - help, Dir - move target, f/p - manticore Smite: a manticore (moderately wounded)
You smite the manticore!!
* * * LOW MAGIC WARNING * * *
Unknown command.
You feel the exhaustion of battles past.
You are exhausted.
You feel yourself slow down.
i - the +8 Wrath of Trog (weapon)
{antimagic, *Rage Rampage} The cyclops throws a large rock.
The large rock hits you!
The centaur warrior shouts!
You hear a shout! x3
You slice the cyclops!!
The centaur warrior shoots an arrow.
The arrow hits you!! The cyclops hits you.
The centaur warrior unwields a +0 orcbow.
The centaur warrior wields a +1 hand axe of flaming.
It bursts into flame!
The centaur warrior barely misses you.
The centaur warrior kicks you but does no damage.
You slash the cyclops! You headbutt the cyclops!
You kill the cyclops!
Beogh accepts your kill.
You hit the centaur warrior.
The centaur warrior hits you with a +1 hand axe of flaming!
The centaur warrior burns you.
* * * LOW HITPOINT WARNING * * *
The centaur warrior kicks you but does no damage.
The centaur warrior hits you but does no damage.
The centaur warrior kicks you but does no damage.
The manticore bites you.
* * * LOW HITPOINT WARNING * * *
The manticore claws you but does no damage.
The manticore claws you!
* * * LOW HITPOINT WARNING * * *
You hit the centaur warrior. You slash the manticore!
The centaur warrior hits you with a +1 hand axe of flaming.
* * * LOW HITPOINT WARNING * * *
The centaur warrior burns you.
* * * LOW HITPOINT WARNING * * *
The centaur warrior kicks you but does no damage.
The manticore bites you!
* * * LOW HITPOINT WARNING * * *
The manticore claws you but does no damage. x2
The centaur warrior hits you with a +1 hand axe of flaming!
* * * LOW HITPOINT WARNING * * *
The centaur warrior burns you.
You die...

#..#
#..##....
##.#
##...##...
###.#
##..###
... #
....#
##..## #
....#
#..## .
...## #.##
. ...#
#.######.#
####
#.#H......
#.@#
#c#.......
#.######.#
).# #... .
#... .
##.# ##.


You could see a centaur warrior and a manticore.

Vanquished Creatures
  A catoblepas (D:7)
  A centaur warrior (D:7)
  A skeletal warrior (D:8)
  A cyclops (D:8)
  A manticore (D:7)
  Grinder (D:4)
  Prince Ribbit (D:6)
  A slime creature (D:7)
  A vampire (D:6)
  A yak (D:8)
  A wyvern (D:8)
  A basilisk (D:8)
  A steam dragon (D:6)
  An orc warrior (D:7)
  3 sky beasts (D:7)
  2 black bears
  3 ice beasts
  2 ogres
  2 centaurs
  5 bullfrogs
  A weeping skull (D:3)
  A phantom (D:5)
  A kobold brigand (D:8)
  7 scorpions
  3 water moccasin zombies (Ossuary)
  5 wights
  20 killer bees
  A jelly (D:4)
  A bombardier beetle (D:6)
  A howler monkey (D:8)
  4 centaur zombies (Ossuary)
  7 orc priests
  A gnoll bouda (D:6)
  2 hounds
  2 iguanas
  10 orc wizards
  A scorpion zombie (Ossuary)
  2 ogre zombies (Ossuary)
  6 gnolls
  10 adders
  A white imp (D:5)
  An adder zombie (Ossuary)
  5 dart slugs
  3 ribbon worms
  29 orcs
  7 bats
  8 endoplasms
  6 giant cockroaches
  2 gnoll zombies (Ossuary)
  9 goblins
  8 hobgoblins
  3 jackals (D:3)
  5 quokkas
  6 ball pythons
  4 frilled lizards
  2 goblin zombies (Ossuary)
  4 hobgoblin zombies (Ossuary)
  9 kobolds
  3 orc zombies (Ossuary)
  6 rats
  A spectral orc (D:3)
239 creatures vanquished.

Vanquished Creatures (others)
  3 orcs
3 creatures vanquished.

Grand Total: 242 creatures vanquished

Notes
Turn   | Place    | Note
-------+----------+-------------------------------------------
     0 | D:1      | Pooter the Minotaur Monk began the quest for the Orb.
     0 | D:1      | Reached XP level 1. HP: 19/19 MP: 0/0
    56 | D:1      | Reached XP level 2. HP: 17/27 MP: 1/1
   302 | D:1      | Reached skill level 4 in Axes
   302 | D:1      | Reached skill level 1 in Throwing
   894 | D:1      | Reached XP level 3. HP: 33/33 MP: 2/2
  1411 | D:2      | Reached XP level 4. HP: 40/40 MP: 3/3
  1828 | D:2      | Reached skill level 5 in Axes
  2267 | D:3      | Reached XP level 5. HP: 42/47 MP: 4/4
  2565 | D:3      | Found a basalt altar of Yredelemnul.
  3167 | D:4      | Found a sand-covered staircase.
  3176 | Ossuary  | Entered an ossuary
  3195 | Ossuary  | Reached XP level 6. HP: 54/55 MP: 5/5
  3319 | Ossuary  | Reached skill level 5 in Fighting
  3319 | Ossuary  | Reached skill level 6 in Axes
  3319 | Ossuary  | Reached skill level 1 in Ranged Weapons
  3519 | Ossuary  | Reached XP level 7. HP: 38/61 MP: 6/6
  3623 | Ossuary  | Reached skill level 7 in Axes
  3664 | Ossuary  | Noticed a silent spectre
  3899 | D:4      | Found a hide-covered altar of Uskayaw.
  3899 | D:4      | Found a shadowy altar of Dithmenos.
  4220 | D:4      | Found Caujotul's Jewellery Boutique.
  4226 | D:4      | Bought a ring of flight for 192 gold pieces
  4272 | D:4      | Noticed Grinder
  4294 | D:4      | Killed Grinder
  4295 | D:4      | Reached skill level 8 in Axes
  4295 | D:4      | Reached XP level 8. HP: 51/70 MP: 7/7
  4370 | D:4      | Reached skill level 5 in Ranged Weapons
  4932 | D:4      | Found an ornate altar of the Wu Jian Council.
  5238 | D:4      | Found a glowing golden altar of the Shining One.
  5243 | D:4      | Reached skill level 9 in Axes
  5494 | D:5      | Entered Level 5 of the Dungeon
  5828 | D:5      | Reached XP level 9. HP: 79/79 MP: 8/8
  5992 | D:5      | Reached skill level 10 in Axes
  6242 | D:6      | Found a staircase to the Ecumenical Temple.
  6285 | Temple   | Entered the Ecumenical Temple
  6493 | D:6      | Found Ideublanumm's Book Shoppe.
  6886 | D:6      | Became a worshipper of Beogh the Shepherd
  6886 | D:6      | Reached * piety under Beogh
  6886 | D:6      | Reached ** piety under Beogh
  6961 | D:6      | Found the +8 Wrath of Trog {antimagic, *Rage Rampage}
  6967 | D:6      | Noticed Prince Ribbit
  6974 | D:6      | Killed Prince Ribbit
  6975 | D:6      | Reached skill level 11 in Axes
  7430 | D:7      | Reached skill level 1 in Invocations
  7481 | D:7      | Reached XP level 10. HP: 84/89 MP: 9/9
  7656 | D:7      | Got the Compilation of the Forest
  8066 | D:7      | Found a snail-covered altar of Cheibriados.
  8069 | D:7      | Found a blossoming altar of Fedhas.
  8070 | D:7      | Found an opulent altar of Gozag.
  8070 | D:7      | Found an iron altar of Okawaru.
  8474 | D:8      | Noticed a purple ugly thing
  8474 | D:8      | Noticed a centaur warrior
  8474 | D:8      | Noticed a manticore
  8474 | D:8      | Found the +7 Spriggan's Knife {stab, EV+4 Stlth+}
  8474 | D:8      | Noticed a centaur warrior
  8474 | D:8      | Noticed a catoblepas
  8879 | D:7      | Reached skill level 5 in Throwing
  8907 | D:7      | Killed a manticore
  9132 | D:7      | Killed a catoblepas
  9133 | D:7      | Reached skill level 12 in Axes
  9384 | D:7      | Killed a centaur warrior
  9804 | D:8      | Reached skill level 10 in Ranged Weapons
 10112 | D:8      | Found Doelif's Vocational Training.
 10379 | D:8      | Noticed a skeletal warrior
 10396 | D:8      | Killed a skeletal warrior
 10397 | D:8      | Reached XP level 11. HP: 34/97 MP: 12/12
 10583 | D:8      | Reached skill level 1 in Evocations
 10589 | D:8      | HP: 2/97 [centaur warrior/+1 hand axe of flaming (10)]
 10589 | D:8      | Slain by a centaur warrior

Illustrated notes

Levels and vault maps discovered:
D:1:      ncdulo_smallfort, layout_basic, kennysheep_minor_cross,
          nrook_mini_backslash, amcnicky_mini_corridor_feature,
          skrybe_limestone_x, minmay_pentomino_z2
D:2:      layout_loops_ring, supply_closet_lemuel, minmay_mini_jars
D:3:      layout_basic, yredelemnul_forgotten_temple_becter,
          chequers_serial_rivers_large_b
D:4:      layout_loops_corners, mainiacjoe_overflow_six_doors_small,
          nicolae_tso_swordbearing_angel, nicolae_overflow_two_pavilions,
          serial_shops, nicolae_shop_gaudy_bauble,
          lightli_ossuary_entry_decrepit_ruins, uniq_grinder
D:5:      layout_rooms
D:6:      layout_basic, minmay_temple_entry_junction, nicolae_wooded_promenade,
          uniq_prince_ribbit1
D:7:      layout_loops_cross, grunt_temple_overflow_open,
          hangedman_decor_lopped, amcnicky_mini_pool_medium
D:8:      minmay_the_grid_octo_triangle [minmay_the_grid_octo_teeth,
          minmay_the_grid_octo_prize_star,
          minmay_the_grid_octo_tetromino_candy], layout_basic,
          hellmonk_sif_muna_bookshelves, trog_antimagical,
          nicolae_shop_vocational
Temple:   kb_temple_of_zot

Skill      XL: |  1  2  3  4  5  6  7  8  9 10 11 |
---------------+----------------------------------+-----
Axes           | 4 5 6 8 9 11 12 | 12.6
Throwing       | 1 2 3 4 5 |  5.6
Fighting       | 4 5 6 7 8 9 |  9.4
Ranged Weapons | 3 4 6 8 10 | 10.3
Invocations    | 1 3 |  3.6
Evocations     | 1 |  1.1
Dodging        | |  3.2

Action                     |  1- 3 |  4- 6 |  7- 9 | 10-12 || total
---------------------------+-------+-------+-------+-------++-------
  Melee: Hand axe          |    45 |    68 |       |       ||   113
         Headbutt          |     3 |    30 |    53 |    29 ||   115
         War axe           |       |    54 |   203 |    99 ||   356
         Dagger            |       |     3 |       |       ||     3
         Battleaxe         |       |       |     1 |     7 ||     8
   Fire: Sling             |    27 |    48 |    25 |       ||   100
         Orcbow            |       |       |    16 |       ||    16
         Arbalest          |       |       |       |    13 ||    13
  Throw: Dart              |     7 |     3 |    31 |       ||    41
         Javelin           |       |       |     6 |       ||     6
         Boomerang         |       |       |       |     3 ||     3
 Invoke: Smiting           |       |       |     1 |     7 ||     8
         Convert to Beogh  |       |       |     1 |       ||     1
    Use: Scroll            |     4 |     3 |    10 |     6 ||    23
         Potion            |       |       |     1 |       ||     1
   Stab: Petrified         |       |       |       |     5 ||     5
 Armour: Robe              |    26 |     7 |       |       ||    33
         Chain mail        |       |    54 |       |       ||    54
         Ring mail         |       |    47 |   162 |    18 ||   227
         Plate armour      |       |       |       |   137 ||   137
  Dodge: Dodged            |    31 |    81 |   119 |    44 ||   275

Table legend: (Time is in decaauts)
 A = Elapsed time spent in this place.
 B = Non-inter-level travel time spent in this place.
 C = Inter-level travel time spent in this place.
 D = Time resting spent in this place.
 E = Time spent auto-exploring this place.
 F = Levels seen in this place.
 G = Mean time per level.
                   A        B        C        D        E       F      G
               +--------+--------+--------+--------+--------+-----+--------+
         Total |  10678 |  10432 |    246 |   3484 |   4876 |  10 | 1067.8 |
       Dungeon |   9997 |   9809 |    188 |   3201 |   4802 |   8 | 1249.6 |
        Temple |    135 |     77 |     58 |      0 |     74 |   1 |  135.0 |
       Ossuary |    544 |    544 |      0 |    283 |      0 |   1 |  544.0 |
               +--------+--------+--------+--------+--------+-----+--------+

Top non-repeatable levels by time:
     D:7: 2039 daAuts
     D:4: 1586 daAuts
     D:3: 1453 daAuts
     D:1: 1221 daAuts
     D:8: 1145 daAuts
     D:6: 1051 daAuts
     D:2: 753 daAuts
     D:5: 746 daAuts
 Ossuary: 544 daAuts
  Temple: 135 daAuts
